 Dungeon Crawl Stone Soup version 0.29.1-13-g9f3cf754e1 (webtiles) character file.

Game seed: 15272764738936582972

83 FexLirch the Poker (level 4, -1/35 HPs)
             Began as a Formicid Abyssal Knight on Jan 28, 2023.
             Was a Priest of Lugonu.
             Slain by a jelly (3 damage)
             ... on level 4 of the Dungeon.
             The game lasted 00:04:19 (3232 turns).

FexLirch the Poker (Formicid Abyssal Knight)        Turns: 3232, Time: 00:04:20

Health: -1/35      AC: -11   Str: 20    XL:     4   Next: 71%
Magic:  6/6        EV: 11    Int:  9    God:    Lugonu [***...]
Gold:   60         SH:  0    Dex: 14    Spells: 3/3 levels left

rFire   . . .      SeeInvis +   a - +1 spear
rCold   . . .      Faith    .   (no shield)
rNeg    . . .      Spirit   .   b - +0 leather armour
rPois   .          Reflect  .   (helmet unavailable)
rElec   .          Harm     .   h - +0 cloak
rCorr   .          Rampage  .   (no gloves)
Will    .....                   (no boots)
Stlth   +.........              (no amulet)
HPRegen 0.11/turn               (no ring)
MPRegen 0.10/turn               (no ring)

@: corroded
A: permanent stasis, dig shafts and tunnels, antennae 3, four strong arms
a: Dig, Shaft Self, Renounce Religion, Depart the Abyss, Bend Space, Banish


You were on level 4 of the Dungeon.
You worshipped Lugonu.
Lugonu was most pleased with you.
You visited 1 branch of the dungeon, and saw 4 of its levels.
You visited the Abyss 1 time.

You collected 60 gold pieces.

Inventory:

Hand Weapons
 a - a +1 spear (weapon)
Missiles
 i - 3 boomerangs
Armour
 b - a +0 leather armour (worn)
 h - a +0 cloak (worn)
Scrolls
 e - 5 scrolls of identify {unknown}
 f - a scroll of vulnerability {unknown}
 g - a scroll of fog {unknown}
 j - a scroll of torment {unknown}
 k - a scroll of immolation {unknown}
 l - a scroll of enchant armour {unknown}
Potions
 c - 2 potions of magic {unknown}
 d - 2 potions of curing {unknown}


   Skills:
 - Level 3.2 Fighting
 * Level 3.9 Polearms
 - Level 2.1 Armour
 - Level 0.8 Dodging
 + Level 3.4 Invocations


You had 3 spell levels left.
You didn't know any spells.
Your spell library contained the following spells:

 Spells                   Type           Power      Damage    Failure   Level
 Freeze                   Ice            0%         1d3       43%         1
 Magic Dart               Conj           0%         1d3       43%         1
 Searing Ray              Conj           0%         2d4       56%         2
 Frozen Ramparts          Ice            0%         1d1       80%         3
 Fulminant Prism          Conj/Hex       0%         3d6       99%         4
 Hailstorm                Conj/Ice       0%         3d3       99%         4


Dungeon Overview and Level Annotations

Branches:
Dungeon (4/15)
 Temple: D:4-7

Altars:

Shops:
D:1 *

Annotations:
D:2 Robin
D:3 Grinder


Innate Abilities, Weirdness & Mutations

You cannot be hasted, slowed, berserked, paralysed or teleported.
You can dig through walls and to a lower floor.
You have a pair of large antennae on your head. (SInv)
Your four strong arms can wield two-handed weapons with a shield.


Message History

There is an escape hatch in the floor here.
There is a stone staircase leading down here.
You climb downwards.
Level annotation: Grinder
There is a stone staircase leading up here.
There is a stone staircase leading down here.
Grinder shouts!
Grinder is nearby!
Grinder blinks!
There is a stone staircase leading down here.
You climb downwards.
Found an escape hatch in the floor.
Found a stone staircase leading down.
There is a stone staircase leading up here.
A jelly is nearby!
A jelly is nearby!
A jelly is nearby!
A jelly is nearby!
The jelly quivers.
You completely miss the jelly. You hit the jelly.
Your hands burn!
The jelly is lightly wounded.
The jelly completely misses you.
You hit the jelly. The acid corrodes you!
Your hands burn!
The jelly is moderately wounded.
The jelly barely misses you.
You hit the jelly. The acid corrodes you!
Your hands burn!
The jelly is heavily wounded.
The jelly closely misses you.
You hit the jelly but do no damage. The acid corrodes you!
Your hands burn!
The jelly is heavily wounded.
The jelly hits you.
You are splashed with acid!
You are too injured to fight recklessly!
You are too injured to fight recklessly!
You barely miss the jelly.
The jelly is heavily wounded.
The jelly hits you. The acid corrodes you!
You are splashed with acid!
* * * LOW HITPOINT WARNING * * *
You don't have enough health at the moment.
The jelly attacks as you move away! The jelly hits you.
You die...

####.####
........#
#.......##
##.......>.
........#
#...>...#
#.......##
####.###<........
#......@J...####
..##.####..##
#..# #..#
#.............
#.####..#####.
#..# ...# ##.#


You could see a jelly.

Vanquished Creatures
  2 adders
  4 dart slugs
  4 bats
  6 endoplasms
  2 giant cockroaches (D:2)
  7 goblins
  6 hobgoblins
  2 jackals (D:3)
  2 quokkas
  2 ball pythons
  8 frilled lizards
  4 kobolds
  3 rats
52 creatures vanquished.

Vanquished Creatures (others)
  9 plants (D:2)
9 creatures vanquished.

Grand Total: 61 creatures vanquished

Notes
Turn   | Place    | Note
-------+----------+-------------------------------------------
     0 | Abyss:1  | FexLirch the Formicid Abyssal Knight began the quest for
                  | the Orb.
     0 | Abyss:1  | Reached XP level 1. HP: 18/18 MP: 2/2
     1 | D:1      | Escaped the Abyss
   132 | D:1      | Found a faded altar of an unknown god.
   158 | D:1      | Reached XP level 2. HP: 9/24 MP: 3/3
   796 | D:1      | Found Budghe's Assorted Antiques.
  1489 | D:2      | Reached XP level 3. HP: 29/29 MP: 5/5
  1877 | D:2      | Reached *** piety under Lugonu
  2057 | D:2      | Reached XP level 4. HP: 34/35 MP: 6/6
  2380 | D:3      | Noticed Robin
  2949 | D:3      | Noticed Grinder
  3232 | D:4      | Slain by a jelly

Illustrated notes

Levels and vault maps discovered:
D:1:      eino_arrival_druids_welcome, layout_basic,
          ebering_ecumenical_altar_sacrificial, serial_shops,
          nicolae_shop_behind_doors
D:2:      layout_basic, columned_hall_lemuel, minmay_lizard_king
D:3:      layout_loops_ring, ebering_ghost_reflecting_pool, hex_tiny,
          uniq_crazy_yiuf_cottage, uniq_robin, uniq_grinder
D:4:      layout_loops_ring, serial_shops, shop, kennysheep_diamond,
          uniq_menkaure

Skill      XL: |  1  2  3 |
---------------+----------+-----
Polearms       | 3 |  3.9
Invocations    | 3 |  3.4
Fighting       | |  3.2
Armour         | |  2.1
Dodging        | |  0.8

Action                   |  1- 3 |  4- 6 || total
-------------------------+-------+-------++-------
Melee: Spear             |    95 |    79 ||   174
Invok: Bend Space        |       |     2 ||     2
 Abil: Dig               |     1 |       ||     1
 Stab: Sleeping          |     4 |       ||     4
Armor: Leather armour    |    11 |    25 ||    36
Dodge: Dodged            |    33 |    46 ||    79
